 Dungeon Crawl Stone Soup version 0.20-a0-427-g8b12978 (webtiles) character file.

14748 Kriby the Thaumaturge (level 11, -4/72 HPs)
             Began as a Mummy Fire Elementalist on Jan 1, 2017.
             Was an Elder of Sif Muna.
             Slain by a centaur (6 damage)
             ... on level 13 of the Dungeon.
             The game lasted 00:43:52 (13951 turns).

Kriby the Thaumaturge (Mummy Fire Elementalist)    Turns: 13951, Time: 00:43:53

Health: -4/72      AC: 10    Str: 11    XL:     11   Next: 92%
Magic:  6/28       EV: 12    Int: 19    God:    Sif Muna [****..]
Gold:   532        SH:  0    Dex: 12    Spells: 17/37 levels left

rFire  + + .     SeeInvis +     j - +7 dagger of Abuse {freeze, rElec rF++ SInv}
rCold  + . .     Gourm    .     d - +5 ring mail {rF+}
rNeg   + + +     Faith    .     (no shield)
rPois  ∞         Spirit   .     (no helmet)
rElec  +         Reflect  .     (no cloak)
rCorr  .         Harm     .     (no gloves)
MR     +....                    (no boots)
Stlth  +.........               (no amulet)
                                (no ring)
                                f - ring of see invisible

@: no status effects
A: no food or potions, fire vulnerability, cold resistance 1, negative energy
resistance 3, torment resistance, unbreathing
a: Divine Energy, Channel Magic, Forget Spell, Renounce Religion


You were on level 13 of the Dungeon.
You worshipped Sif Muna.
Sif Muna was greatly pleased with you.
You were not hungry.

You visited 2 branches of the dungeon, and saw 12 of its levels.

You collected 651 gold pieces.
You spent 119 gold pieces at shops.

Inventory:

Hand Weapons
 j - the +7 dagger of Abuse (weapon) {freeze, rElec rF++ SInv}
   (You bought it in a shop on level 6 of the Dungeon)

   It has been specially enchanted to freeze those struck by it, causing extra
   injury to most foes and up to half again as much damage against particularly
   susceptible opponents.
   It can also slow down cold-blooded creatures.
   It greatly protects you from fire.
   It insulates you from electricity.
   It lets you see invisible.
 p - a +1 rapier
Armour
 a - a +0 robe
 c - a +2 robe of fire resistance
 d - a +5 ring mail of fire resistance (worn)
 n - the +1 scale mail "Peugaf" {rElec Regen+ Str+9 Dex+4}
   (You found it on level 7 of the Dungeon)

   It affects your strength (+9).
   It affects your dexterity (+4).
   It insulates you from electricity.
   It increases your rate of regeneration.
Jewellery
 f - a ring of see invisible (left hand)
Wands
 h - a wand of lightning (4/15)
 o - a wand of polymorph (15/24)
 u - a wand of polymorph (5/24)
 v - a wand of acid (7/15)
Scrolls
 e - 2 scrolls of teleportation
 g - 2 scrolls of identify
 i - 3 scrolls of immolation
 k - 2 scrolls of remove curse
 r - 2 scrolls of recharging
 s - a scroll of enchant armour
Books
 b - a book of Flames

   Spells                             Type                      Level
   a - Flame Tongue                   Conjuration/Fire             1
   b - Throw Flame                    Conjuration/Fire             2
   c - Conjure Flame                  Conjuration/Fire             3
   d - Inner Flame                    Hexes/Fire                   3
   e - Sticky Flame                   Conjuration/Fire             4
   f - Fireball                       Conjuration/Fire             5
 l - a book of Geomancy

   Spells                             Type                      Level
   a - Sandblast                      Earth                        1
   b - Passwall                       Transmutation/Earth          2
   c - Stone Arrow                    Conjuration/Earth            3
   d - Petrify                        Transmutation/Earth          4
   e - Lee's Rapid Deconstruction     Earth                        5
 q - a book of Maledictions

   Spells                             Type                      Level
   a - Corona                         Hexes                        1
   b - Ensorcelled Hibernation        Hexes/Ice                    2
   c - Confuse                        Hexes                        3
   d - Tukima's Dance                 Hexes                        3
   e - Dazzling Spray                 Conjuration/Hexes            3
 t - a book of Callings

   Spells                             Type                      Level
   a - Summon Small Mammal            Summoning                    1
   b - Call Imp                       Summoning                    2
   c - Call Canine Familiar           Summoning                    3
   d - Summon Guardian Golem          Hexes/Summoning              3
   e - Summon Lightning Spire         Summoning/Air                4
   f - Summon Ice Beast               Ice/Summoning                4


   Skills:
 - Level 2.0 Fighting
 + Level 5.6 Dodging
 - Level 1.5 Stealth
 * Level 13.9 Spellcasting
 + Level 8.3 Conjurations
 + Level 8.5 Fire Magic


You had 17 spell levels left.
You knew the following spells:

 Your Spells              Type           Power        Failure   Level  Hunger
a - Flame Tongue          Conj/Fire      #####        1%          1    N/A
b - Conjure Flame         Conj/Fire      #####...     1%          3    N/A
c - Sticky Flame          Conj/Fire      #####...     4%          4    N/A
d - Throw Flame           Conj/Fire      #####.       1%          2    N/A
e - Fireball              Conj/Fire      #####.....   14%         5    N/A
f - Dazzling Spray        Conj/Hex       ####..       10%         3    N/A
g - Passwall              Tmut/Erth      ##........   21%         2    N/A

Dungeon Overview and Level Annotations

Branches:
Dungeon (10/15)            Temple (1/1) D:4            Lair (0/6) D:8
    Orc: D:9-12

Altars:
Ashenzari
Cheibriados
Dithmenos
Elyvilon
Fedhas
Gozag
Hepliaklqana
Kikubaaqudgha
Makhleb
Nemelex Xobeh
Okawaru
Qazlal
Ru
Sif Muna
Trog
Uskayaw
Vehumet
Xom
Yredelemnul
Zin
The Shining One

Shops:
D:5 *   D:6 =!(

Annotations:
D:6 money, cold res
D:8 exclusion: downstairs
D:9 Erolcha


Innate Abilities, Weirdness & Mutations

You do not eat or drink.
Your flesh is vulnerable to fire.
You are immune to poison.
Your flesh is cold resistant. (rC+)
You are immune to negative energy. (rN+++)
You are immune to unholy pain and torment.
You can survive without breathing.


Message History

Aiming: Sticky Flame
Press: ? - help, Shift-Dir - straight line, f - centaur
Aim: a centaur (black smoke)
The sticky flame hits the centaur.
The centaur is lightly wounded.
The centaur is covered in liquid flames!
The centaur burns!
The centaur hits you.
* * * LOW HITPOINT WARNING * * *
Okay, then.
Casting: Sticky Flame
Confirm with . or Enter, or press ? or * to list all spells.
Okay, then.
Casting: Sticky Flame
Confirm with . or Enter, or press ? or * to list all spells.
Aiming: Fireball
Press: ? - help, Shift-Dir - straight line, p - centaur The fireball explodes!
The fireball engulfs the centaur.
The centaur is heavily wounded.
The centaur burns!
The centaur hits you.
You die...

#..........##)..
#...............
#....##.........
#..####......... #§...
#####..........# #§...
#........##... .##R...
#####......####... .......
###§§####..####..... .......
###§§@§..######.....!.
......§##..§c§§....##.......#.
###........§§§#.[...........##
............§§.§..............
..............................
.....................)........
.................)............
......###'############...#####
........c.....#....#.....#....


You could see a centaur (burning).

Vanquished Creatures
  A hydra (D:8)
  3 two-headed ogres (D:9)
  3 death yaks
  An unseen horror (D:13)
  Pikel (D:5)
  An ugly thing (D:13)
  A deep elf mage (D:13)
  2 cyclopes (D:13)
  2 gargoyles
  A kobold demonologist (D:13)
  An efreet (D:13)
  Grinder (D:4)
  2 dream sheep (D:8)
  Grum (D:8)
  10 yaks
  Eustachio (D:4)
  A steam dragon (D:9)
  Duvessa (D:4)
  2 porcupines (D:8)
  An ice beast (D:8)
  3 sky beasts (D:6)
  4 slaves
  4 wolves
  3 centaurs
  5 ogres
  2 bullfrogs
  4 big kobolds
  Dowan (D:4)
  2 scorpions
  8 killer bees
  4 bullfrog zombies
  3 crimson imps
  A quasit (D:7)
  A gnoll shaman (D:5)
  2 hounds
  A jelly (D:6)
  3 orc priests
  7 orc wizards
  2 centaur skeletons
  3 iguanas
  11 worker ants
  4 hell rats (D:8)
  6 gnolls
  A river rat (D:8)
  12 adders
  A shadow imp (D:5)
  3 oozes
  An adder skeleton (D:6)
  2 worms
  A dart slug (D:1)
  2 leopard geckos
  26 orcs
  A ball python (D:3)
  9 giant cockroaches
  8 goblins
  7 hobgoblins
  7 jackals
  12 kobolds
  3 quokkas
  3 bats
  7 frilled lizards
  A jackal skeleton (D:9)
  2 leopard gecko skeletons
  9 rats
239 creatures vanquished.

Vanquished Creatures (others)
  A killer bee (D:7)
  A bullfrog skeleton (D:13)
  6 plants (D:9)
8 creatures vanquished.

Grand Total: 247 creatures vanquished

Notes
Turn   | Place    | Note
-------+----------+-------------------------------------------
     0 | D:1      | Kriby the Mummy Fire Elementalist began the quest for the Orb.
     0 | D:1      | Reached XP level 1. HP: 13/13 MP: 4/4
    32 | D:1      | Reached skill level 1 in Conjurations
   137 | D:1      | Reached XP level 2. HP: 19/19 MP: 2/5
   148 | D:1      | Reached skill level 3 in Spellcasting
   718 | D:2      | Found a hazy altar of Hepliaklqana.
   747 | D:2      | Reached XP level 3. HP: 24/24 MP: 3/7
  1484 | D:2      | Reached XP level 4. HP: 29/30 MP: 4/9
  2085 | D:3      | Reached skill level 4 in Spellcasting
  2176 | D:3      | Reached XP level 5. HP: 35/35 MP: 8/11
  2655 | D:3      | Found a bloodstained altar of Trog.
  2780 | D:4      | Noticed an ogre
  2783 | D:4      | Killed an ogre
  2783 | D:4      | Reached XP level 6. HP: 41/41 MP: 8/13
  2792 | D:4      | Noticed Grinder
  2820 | D:4      | Paralysed by Grinder for 7 turns
  2837 | D:4      | Paralysed by Grinder for 7 turns
  2846 | D:4      | Killed Grinder
  2846 | D:4      | Reached skill level 5 in Spellcasting
  2851 | D:4      | Learned a level 3 spell: Conjure Flame
  2856 | D:4      | Learned a level 4 spell: Sticky Flame
  2859 | D:4      | Learned a level 2 spell: Throw Flame
  2865 | D:4      | Learned a level 5 spell: Fireball
  2947 | D:4      | Noticed Eustachio
  2954 | D:4      | Killed Eustachio
  2954 | D:4      | Reached XP level 7. HP: 35/46 MP: 4/15
  3203 | D:4      | Found a glowing silver altar of Zin.
  3203 | D:4      | Noticed an angel
  3216 | D:4      | Found a staircase to the Ecumenical Temple.
  3223 | D:4      | Noticed Duvessa
  3228 | Temple   | Entered the Ecumenical Temple
  3573 | D:4      | Killed Duvessa
  3783 | D:4      | Noticed Dowan
  3799 | D:4      | Killed Dowan
  3799 | D:4      | Reached skill level 6 in Spellcasting
  3969 | D:5      | Entered Level 5 of the Dungeon
  4003 | D:5      | Found a shattered altar of Ashenzari.
  4011 | D:5      | Reached skill level 5 in Fire Magic
  4011 | D:5      | Reached XP level 8. HP: 52/52 MP: 12/17
  4054 | D:5      | Reached skill level 5 in Conjurations
  4726 | D:5      | Noticed Pikel
  5052 | D:5      | Killed Pikel
  5052 | D:5      | Reached skill level 7 in Spellcasting
  5344 | D:5      | Found Ufocen's General Store.
  5431 | D:6      | Reached skill level 8 in Spellcasting
  5483 | D:6      | Found Kuischawa's Antique Weapon Shop.
  5489 | D:6      | Found Todeolu's Distillery.
  5491 | D:6      | Bought an ichor-stained dagger for 119 gold pieces
  5491 | D:6      | Identified the +7 dagger of Abuse {freeze, rElec rF++ SInv} (You bought it in a shop on level 6 of the Dungeon)
  5597 | D:6      | Reached XP level 9. HP: 56/57 MP: 18/21
  5636 | D:6      | Found Cosoh's Jewellery Boutique.
  5644 | D:6      | Found a snail-covered altar of Cheibriados.
  6164 | D:6      | Reached skill level 9 in Spellcasting
  6336 | D:6      | Found a deep blue altar of Sif Muna.
  6341 | D:6      | Became a worshipper of Sif Muna the Loreminder
  6356 | D:6      | Found a radiant altar of Vehumet.
  6360 | D:6      | Found a stormy altar of Qazlal.
  6365 | D:6      | Found a hide-covered altar of Uskayaw.
  6924 | D:7      | Identified the +1 scale mail "Peugaf" {rElec Regen+ Str+9 Dex+4} (You found it on level 7 of the Dungeon)
  6937 | D:7      | Found an iron altar of Okawaru.
  7110 | D:7      | Reached * piety under Sif Muna
  7482 | D:7      | Reached skill level 1 in Fighting
  7643 | D:7      | Found a snail-covered altar of Cheibriados.
  7930 | D:8      | Noticed Grum
  8143 | D:8      | Reached skill level 10 in Spellcasting
  8422 | D:8      | Reached XP level 10. HP: 52/67 MP: 16/24
  8769 | D:8      | Noticed a death yak
  8853 | D:8      | Reached ** piety under Sif Muna
  8994 | D:8      | Found an opulent altar of Gozag.
  9101 | D:8      | Found a staircase to the Lair.
  9104 | D:8      | Noticed a death yak
  9114 | D:8      | Noticed a death yak
  9121 | D:8      | Killed a death yak
  9121 | D:8      | Reached skill level 11 in Spellcasting
  9146 | D:7      | Killed a death yak
  9379 | D:8      | Killed a death yak
  9536 | D:8      | Reached skill level 12 in Spellcasting
  9538 | D:8      | Reached *** piety under Sif Muna
  9638 | D:8      | Noticed a three-headed hydra
  9652 | D:8      | HP: 3/67 [three-headed hydra (14)]
 10031 | D:8      | Killed Grum
 10179 | D:8      | Killed a three-headed hydra
 10179 | D:8      | Reached XP level 11. HP: 43/72 MP: 16/27
 10799 | D:9      | Noticed a two-headed ogre
 10808 | D:9      | Killed a two-headed ogre
 10944 | D:9      | Found a blossoming altar of Fedhas.
 10973 | D:9      | Noticed Erolcha
 11424 | D:9      | Noticed a two-headed ogre
 11440 | D:9      | Killed a two-headed ogre
 11663 | D:9      | Noticed a two-headed ogre
 11676 | D:9      | Killed a two-headed ogre
 11676 | D:9      | Reached skill level 5 in Dodging
 11676 | D:9      | Reached skill level 13 in Spellcasting
 11973 | D:10     | Entered Level 10 of the Dungeon
 12003 | D:10     | You fall through a shaft for 3 floors!
 12365 | D:13     | Noticed a red ugly thing
 12390 | D:13     | Killed a brown ugly thing
 12390 | D:13     | Reached **** piety under Sif Muna
 12679 | D:13     | Learned a level 3 spell: Dazzling Spray
 13218 | D:13     | Noticed a soul eater
 13456 | D:13     | Noticed a deep elf mage
 13462 | D:13     | Killed a deep elf mage
 13799 | D:13     | Noticed an unseen horror
 13805 | D:13     | Killed an unseen horror
 13949 | D:13     | Learned a level 2 spell: Passwall
 13950 | D:13     | HP: 1/72 [centaur (5)]
 13951 | D:13     | Slain by a centaur

Vault maps used:
D:1:      eino_arrival_water_star, minmay_misc_feat_hallway
D:2:      nicolae_overflow_crystal_walls, first_bread, minmay_small_reverse_x
D:3:      lemuel_doored_altar
D:4:      zin_angel, minivault_25, uniq_eustachio, uniq_grinder, uniq_duvessa
D:5:      lemuel_crystal_altar, serial_shops, shop, uniq_pikel
D:6:      lemuel_ice_spiral_2, minmay_overflow_temple_star_quad,
          overflow_temple_1_default, basic_altar, serial_shops, shop, shop, shop
D:7:      okawaru_ov_weapons_minmay, slow_altar_2
D:8:      kennysheep_little_box, dpeg_lair_monsters, hangedman_ranch, uniq_grum
D:9:      fedhas_altar_4, kennysheep_boxes, uniq_erolcha
D:10:     minivault_11, minmay_rotating_lava, uniq_urug, uniq_harold
D:13:     nicolae_two_hexagons
Temple:   nicolae_temple_figure_zero

Skill      XL: |  1  2  3  4  5  6  7  8  9 10 11 |
---------------+----------------------------------+-----
Conjurations   | 1 2 3 4 5 6 7 8 |  8.3
Spellcasting   | 3 4 5 6 8 10 12 13 | 13.9
Fire Magic     | 3 4 5 6 7 8 |  8.5
Fighting       | 2 |  2.0
Dodging        | 2 4 5 |  5.6
Stealth        | |  1.5

Action                   |  1- 3 |  4- 6 |  7- 9 | 10-12 || total
-------------------------+-------+-------+-------+-------++-------
Melee: Dagger            |    32 |     5 |    33 |    22 ||    92
       Rapier            |       |       |    34 |       ||    34
 Cast: Flame Tongue      |    63 |    84 |   129 |   148 ||   424
       Throw Flame       |       |     2 |    54 |    66 ||   122
       Sticky Flame      |       |     1 |    36 |    47 ||    84
       Conjure Flame     |       |       |     5 |     9 ||    14
       Dazzling Spray    |       |       |       |    11 ||    11
       Fireball          |       |       |       |     8 ||     8
Evoke: Wand              |       |       |     5 |    10 ||    15
  Use: Scroll            |       |       |    12 |     4 ||    16
 Stab: Invisible         |       |       |       |     1 ||     1
Armor: Robe              |     2 |    10 |     3 |       ||    15
       Ring mail         |       |       |    27 |    32 ||    59
       Scale mail        |       |       |    25 |       ||    25
Dodge: Dodged            |    46 |    18 |    92 |    55 ||   211
